 Dungeon Crawl Stone Soup version 0.29.0-11-gd7f09526c8 (webtiles) character file.

Game seed: 16112505514846696786

95 Flippered the Ruffian (level 4, -4/42 HPs)
             Began as a Troll Earth Elementalist on Sept 6, 2022.
             Was an Initiate of Gozag.
             Slain by Crazy Yiuf
             ... wielding a +2 quarterstaff of chaos
              (12 damage)
             ... on level 2 of the Dungeon.
             The game lasted 00:04:05 (1051 turns).

Flippered the Ruffian (Troll Earth Elementalist)    Turns: 1051, Time: 00:04:06

Health: -4/42      AC:  4    Str: 16    XL:     4   Next: 40%
Magic:  0/4        EV:  9    Int: 13    God:    Gozag
Gold:   122        SH:  0    Dex: 10    Spells: 4/5 levels left

rFire   . . .      SeeInvis .     - Unarmed
rCold   . . .      Faith    .   (no shield)
rNeg    . . .      Spirit   .   a - +0 robe
rPois   .          Reflect  .   (helmet restricted)
rElec   .          Harm     .   (no cloak)
rCorr   .          Rampage  .   (gloves unavailable)
Will    .....                   (boots unavailable)
Stlth   +.........              (no amulet)
HPRegen 0.94/turn               (no ring)
MPRegen 0.09/turn               (no ring)

@: no status effects
A: large, unfitting armour, claws 3, regeneration 1, shaggy fur 1, tough skin 1
a: Renounce Religion, Potion Petition, Call Merchant, Bribe Branch


You were on level 2 of the Dungeon.
You worshipped Gozag.
Gozag was aware of your devotion.
You visited 1 branch of the dungeon, and saw 2 of its levels.

You collected 149 gold pieces.
You paid 27 gold pieces to Gozag.

Inventory:

Armour
 a - a +0 robe (worn)
Jewellery
 c - a ring of fire
 g - a ring of poison resistance
Scrolls
 d - 3 scrolls of identify {unknown}
 e - 2 scrolls of magic mapping {unknown}
 f - a scroll of immolation {unknown}
 i - a scroll of poison {unknown}
 j - a scroll of enchant armour {unknown}
 k - a scroll of noise {unknown}
Potions
 b - a potion of magic
 h - a potion of lignification {unknown}


   Skills:
 + Level 1.7 Fighting
 - Level 1.5 Dodging
 - Level 1.0 Stealth
 * Level 3.3 Unarmed Combat
 - Level 1.2 Spellcasting
 - Level 0.6 Transmutations
 - Level 2.6 Earth Magic


You had 4 spell levels left.
You knew the following spells:

 Your Spells              Type           Power      Damage    Failure   Level
a - Sandblast             Erth           14%        2d6       9%          1

Your spell library contained the following spells:

 Spells                   Type           Power      Damage    Failure   Level
 Passwall                 Tmut/Erth      4%         N/A       22%         2
 Stone Arrow              Conj/Erth      8%         3d7       43%         3
 Petrify                  Tmut/Erth      5%         N/A       80%         4
 Conjure Ball Lightning   Conj/Air       0%         3x3d6     100%        6
 Discord                  Hex            0%         N/A       100%        8
 Disjunction              Tloc           0%         N/A       100%        8


Dungeon Overview and Level Annotations

Branches:
Dungeon (2/15)

Altars:
Gozag

Annotations:
D:2 Crazy Yiuf


Innate Abilities, Weirdness & Mutations

You are too large for most types of armour.
You have claws for hands.
Your natural rate of healing is unusually fast.
You are covered in fur. (AC +1)
You have tough skin. (AC +1)


Message History

Found 8 gold pieces.
The helpless dart slug fails to defend itself.
You claw the dart slug!
The dart slug is almost dead.
The dart slug misses you.
You scratch the dart slug.
The dart slug is almost dead.
The dart slug barely misses you.
You claw the dart slug!
You kill the dart slug!
You now have 122 gold pieces (gained 16).
There is a stone staircase leading down here.
k - a scroll labelled NOSOIV FOKOYB
Found a hammer.
Found a runed translucent door.
Crazy Yiuf shouts!
You open the door. You barely miss Crazy Yiuf. Your claw misses Crazy Yiuf.
Crazy Yiuf closely misses you.
You scratch Crazy Yiuf.
Crazy Yiuf is lightly wounded.
Crazy Yiuf hits you with a +2 quarterstaff of chaos!
You feel your power leaking away.
You scratch Crazy Yiuf.
Crazy Yiuf is moderately wounded.
Crazy Yiuf whimpers, "Snurf!
Island green infinity."
Crazy Yiuf hits you with a +2 quarterstaff of chaos!
You are too injured to fight recklessly!
You scratch Crazy Yiuf.
Crazy Yiuf is heavily wounded.
Crazy Yiuf completely misses you.
You scratch Crazy Yiuf but do no damage.
You claw Crazy Yiuf.
Crazy Yiuf is severely wounded.
Crazy Yiuf drinks a potion.
Crazy Yiuf is healed!
You closely miss Crazy Yiuf.
Crazy Yiuf hits you with a +2 quarterstaff of chaos!
* * * LOW HITPOINT WARNING * * *
You are electrocuted!
You die...
Your body crumbles into a pile of gold.

...#####.##
.#........# #
.#.#####..# #
....####..# #####
### ....##.[..#
#)..# #..
..#.##.#.## #...#
####.. ....##.#.#
... #.....
...<...#.### #g#
#..... ####.###...#
♣@♣♣ #.....
...........# ♣♣.♣
#..... ...........#
♣.♣♣ #.....
...........# ♣♣.♣
#....#.....
...........# ♣♣.♣♣
...........
...........# ♣♣...♣
#...........
...........# ♣....♣
#...........
#####......# #....#
#...........
##...###
#....###.....(..###


You could see Crazy Yiuf.

Vanquished Creatures
  Jessica (D:2)
  An adder (D:2)
  4 dart slugs
  6 ball pythons
  4 bats
  7 endoplasms
  5 hobgoblins
  2 jackals (D:1)
  3 quokkas
  3 frilled lizards
  3 goblins (D:1)
  5 kobolds
  7 rats
51 creatures vanquished.

Vanquished Creatures (others)
  A withered plant (D:2)
1 creature vanquished.

Grand Total: 52 creatures vanquished

Notes
Turn   | Place    | Note
-------+----------+-------------------------------------------
     0 | D:1      | Flippered the Troll Earth Elementalist began the quest for
                  | the Orb.
     0 | D:1      | Reached XP level 1. HP: 16/16 MP: 1/1
    80 | D:1      | Reached skill level 1 in Unarmed Combat
   106 | D:1      | Reached XP level 2. HP: 26/26 MP: 2/2
   232 | D:1      | Reached skill level 2 in Unarmed Combat
   240 | D:1      | Reached skill level 1 in Fighting
   252 | D:1      | Reached XP level 3. HP: 33/33 MP: 3/3
   756 | D:2      | Found a faded altar of an unknown god.
   810 | D:2      | Found an opulent altar of Gozag.
   818 | D:2      | Became a worshipper of Gozag Ym Sagoz the Greedy
   916 | D:2      | Noticed Jessica
   928 | D:2      | Killed Jessica
   929 | D:2      | Reached skill level 3 in Unarmed Combat
   929 | D:2      | Reached XP level 4. HP: 18/42 MP: 0/4
  1041 | D:2      | Found a runed translucent door.
  1042 | D:2      | Noticed Crazy Yiuf
  1051 | D:2      | Slain by Crazy Yiuf

Illustrated notes

Levels and vault maps discovered:
D:1:      dpeg_arrival_pits, layout_rooms
D:2:      layout_basic, ebering_ecumenical_altar_petrified, basic_altar,
          minmay_bisected, uniq_jessica, uniq_crazy_yiuf_cottage

Skill      XL: |  1  2  3 |
---------------+----------+-----
Unarmed Combat | 1 2 3 |  3.3
Fighting       | 1 |  1.7
Dodging        | |  1.5
Stealth        | |  1.0
Spellcasting   | |  1.2
Transmutations | |  0.6
Earth Magic    | |  2.6

Action                   |  1- 3 |  4- 6 || total
-------------------------+-------+-------++-------
Melee: Unarmed           |   106 |    11 ||   117
       Punch             |     1 |     1 ||     2
 Cast: Sandblast         |    20 |       ||    20
 Stab: Sleeping          |     1 |     1 ||     2
Armor: Robe              |    39 |     1 ||    40
Dodge: Dodged            |    48 |     4 ||    52
